Map: Ephemeron LE

Players

Neeb

  • Race: Protoss Protoss
  • Spawn Location: 11:00

Elazer - Winner!

  • Race: Zerg Zerg
  • Spawn Location: 5:00

Event: 2019 WCS Global FInals

VOD

Have the link to the VOD?

Description

Time

  • Played on: Oct. 27, 2019, 3:05 a.m.
  • Length: 14:25

All games in this series

Show
View Real Time Build Order
Export as new Build Order

Neeb Protoss 

Build Orders: 1 Gate Expand, Oracle Opening, Phoenix Opening, Archon Immortal, Carriers 

Get SALT Encoding   

  12  0:00  Probe  
  13  0:12  Probe  
  14  0:19  Pylon  
  14  0:24  Probe  
  15  0:37  Probe (Chrono Boost)  
  15  0:41  Gateway  
  16  0:47  Probe (Chrono Boost)  
  17  0:51  Assimilator  
  17  0:54  Probe  
  18  1:03  Pylon  
  18  1:08  Probe  
  19  1:21  Probe  
  20  1:37  Nexus  
  20  1:40  Cybernetics Core  
  20  1:43  Probe  
  21  1:48  Assimilator  
  21  1:55  Probe  
  21  1:59  Pylon  
  22  2:08  Probe (Chrono Boost)  
  23  2:14  Adept (Chrono Boost)  
  23  2:19  Probe (Chrono Boost)  
  26  2:23  Probe (Chrono Boost)  
  26  2:26  Stargate  
  27  2:34  Probe  
  27  2:36  Adept  
  28  2:43  Warp Gate  
  30  2:49  Probe (Chrono Boost)  
  30  2:50  Probe (Chrono Boost)  
  32  2:58  Probe (Chrono Boost)  
  34  3:01  Probe (Chrono Boost)  
  34  3:02  Gateway  
  34  3:03  Probe (Chrono Boost)  
  35  3:09  Phoenix (Chrono Boost)  
  35  3:10  Probe  
  38  3:15  Probe  
  39  3:21  Pylon  
  39  3:22  Probe  
  39  3:25  Adept  
  42  3:27  Probe  
  42  3:32  Oracle  
  46  3:38  Assimilator  
  46  3:39  Probe x2  
  48  3:42  Assimilator  
  48  3:51  Probe x2  
  50  3:58  Robotics Facility  
  50  4:03  Probe  
  50  4:04  Probe  
  50  4:09  Pylon  
  52  4:15  Probe  
  52  4:16  Probe  
  54  4:25  Oracle (Chrono Boost)  
  54  4:27  Probe  
  54  4:28  Pylon, Probe  
  58  4:39  Probe  
  58  4:40  Probe  
  60  4:51  Probe  
  60  4:52  Immortal, Probe  
  63  4:55  Nexus  
  63  4:56  Oracle (Chrono Boost)  
  66  5:02  Pylon  
  66  5:03  Probe  
  66  5:04  Probe  
  66  5:06  Pylon  
  68  5:15  Probe, Forge  
  68  5:18  Twilight Council  
  68  5:20  Probe  
  70  5:22  Sentry  
  70  5:23  Sentry  
  70  5:28  Probe  
  75  5:30  Immortal (Chrono Boost)  
  75  5:32  Probe  
  80  5:40  Probe  
  81  5:43  Gateway  
  81  5:44  Gateway  
  81  5:49  Pylon, Probe, Protoss Ground Weapons Level 1 (Chrono Boost)  
  82  5:54  Probe  
  83  6:02  Probe  
  83  6:03  Observer  
  85  6:07  Probe  
  86  6:13  Probe  
  86  6:14  Probe  
  86  6:17  Assimilator, Immortal, Charge  
  88  6:19  Probe  
  88  6:21  Templar Archives  
  88  6:22  Assimilator  
  88  6:24  Sentry  
  96  6:25  Probe  
  96  6:28  Pylon  
  96  6:30  Probe  
  97  6:34  Probe  
  97  6:37  Probe  
  99  6:42  Probe  
  99  6:45  Gateway  
  99  6:46  Probe  
  99  6:47  Gateway  
  101  6:49  Probe  
  101  6:53  Immortal  
  102  6:54  Psionic Storm  
  102  6:56  Photon Cannon  
  102  6:57  High Templar x2  
  102  6:58  Pylon  
  102  6:59  High Templar  
  102  7:00  Zealot  
  114  7:08  Nexus  
  114  7:19  Probe x2  
  114  7:20  Probe  
  117  7:23  High Templar  
  117  7:24  Pylon  
  117  7:25  Pylon  
  119  7:34  Gateway, Probe  
  119  7:36  Photon Cannon, Gateway  
  120  7:37  Probe  
  120  7:38  Probe  
  120  7:41  Assimilator  
  120  7:43  Immortal  
  126  7:45  Assimilator  
  126  7:50  Zealot, High Templar x2  
  132  7:54  Archon  
  132  7:58  Sentry  
  132  8:11  Protoss Ground Weapons Level 2 (Chrono Boost)  
  132  8:12  Pylon  
  126  8:13  Pylon  
  126  8:15  Pylon x2  
  126  8:17  Probe  
  126  8:19  Pylon x2  
  125  8:24  Zealot  
  131  8:29  Probe, Nexus  
  131  8:31  High Templar  
  131  8:32  Zealot x4, High Templar  
  144  8:34  Probe  
  144  8:37  Archon  
  145  8:43  Pylon  
  145  8:45  Pylon  
  145  8:46  Pylon  
  145  8:55  Fleet Beacon  
  141  8:57  Stargate  
  141  8:59  Stargate  
  141  9:01  Shield Battery  
  141  9:03  Pylon  
  141  9:05  Zealot x4, High Templar x2  
  141  9:08  Assimilator  
  153  9:10  Archon  
  153  9:14  Assimilator  
  153  9:19  Pylon  
  153  9:24  Stargate  
  153  9:29  Stargate, Zealot x4  
  161  9:36  Protoss Air Weapons Level 1  
  161  9:40  Zealot  
  161  9:41  Zealot x3  
  166  9:46  Probe  
  166  9:51  Probe  
  152  9:53  Carrier  
  152  9:59  Zealot x2  
  160  10:02  High Templar x2  
  160  10:06  Photon Cannon, High Templar x2  
  168  10:07  Archon  
  168  10:09  Photon Cannon  
  168  10:10  Shield Battery, Archon  
  168  10:11  Stalker  
  168  10:12  Probe x2  
  168  10:13  Probe  
  169  10:16  Probe  
  163  10:24  Probe  
  164  10:30  Shield Battery  
  164  10:34  Carrier (Chrono Boost)  
  164  10:37  Nexus  
  164  10:41  Zealot x2  
  172  10:46  Zealot x3  
  170  10:57  Observer, Probe  
  156  11:04  Probe x2  
  158  11:05  Carrier x3 (Chrono Boost)  
  158  11:06  Probe  
  183  11:20  Carrier (Chrono Boost)  
  183  11:24  Zealot x3  
  181  11:29  Zealot x3  
  156  11:35  Zealot x2  
  134  11:40  Probe  
  134  11:43  Probe  
  132  11:52  Nexus  
  132  11:53  High Templar x3  
  135  11:56  High Templar x2  
  135  11:59  Probe x2  
  135  12:01  Probe  
  140  12:12  Archon  
  140  12:15  Zealot x3  
  141  12:18  Pylon  
  137  12:31  Probe x2, High Templar x4  
  137  12:32  Probe  
  148  12:37  Archon  
  148  12:38  Archon  
  148  12:43  Probe  
  149  12:48  Warp Prism  
  151  12:54  Pylon  
  151  12:55  Pylon  
  151  12:58  High Templar x2  
  151  12:59  High Templar x2  
  151  13:03  Archon x2  
  159  13:08  Zealot x3  
  159  13:09  Zealot  
  167  13:33  High Templar x3  
  167  13:34  Zealot x4, High Templar  
  177  13:39  Archon x2  
  162  14:09  Stalker x2  
  142  14:10  Stalker x5  
  142  14:11  Stalker  
Show
View Real Time Build Order
Export as new Build Order

Elazer Zerg - Winner!

Build Orders: Hatch First, Brood Lord Corruptor 

Get SALT Encoding   

  12  0:00  Drone  
  13  0:12  Overlord  
  13  0:16  Drone  
  14  0:31  Drone x2  
  16  0:40  Drone  
  17  0:49  Drone  
  18  0:57  Drone  
  19  1:07  Hatchery  
  18  1:11  Extractor  
  18  1:16  Spawning Pool  
  18  1:17  Drone  
  17  1:20  Drone  
  18  1:27  Drone  
  19  1:38  Drone  
  20  1:49  Overlord  
  20  2:03  Queen  
  22  2:10  Drone  
  22  2:12  Zergling x2  
  22  2:13  Metabolic Boost  
  24  2:19  Queen  
  24  2:20  Zergling x2  
  24  2:22  Drone  
  28  2:30  Drone  
  28  2:32  Drone  
  30  2:44  Drone  
  31  2:45  Hatchery  
  31  2:49  Zergling x2  
  31  2:53  Drone  
  31  2:56  Queen  
  34  3:01  Overlord  
  34  3:04  Drone  
  35  3:06  Drone  
  36  3:19  Zergling x2  
  37  3:21  Drone x3  
  37  3:26  Drone  
  41  3:29  Overlord  
  41  3:32  Queen  
  43  3:36  Overlord  
  43  3:37  Drone  
  44  3:51  Spore Crawler  
  44  3:54  Drone  
  44  3:55  Spore Crawler, Drone x4  
  47  3:58  Spore Crawler  
  47  3:59  Drone x2  
  48  4:04  Queen  
  48  4:07  Drone  
  51  4:12  Overlord  
  51  4:14  Drone x2  
  53  4:17  Overlord  
  53  4:19  Drone  
  53  4:21  Drone  
  55  4:25  Drone x2  
  55  4:26  Drone  
  55  4:30  Overlord  
  58  4:31  Drone  
  58  4:33  Drone  
  58  4:34  Drone  
  59  4:38  Overlord  
  59  4:39  Drone x2  
  59  4:42  Zergling x2  
  61  4:47  Queen  
  61  4:49  Drone x2  
  63  4:52  Overlord  
  63  4:54  Drone x2  
  63  4:57  Drone x2  
  67  5:05  Drone x3, Extractor  
  67  5:06  Extractor  
  68  5:07  Roach Warren, Extractor  
  68  5:09  Lair  
  68  5:13  Zergling x6  
  69  5:15  Drone  
  69  5:17  Drone x2  
  69  5:19  Drone x2  
  75  5:21  Drone  
  75  5:25  Drone x3  
  78  5:29  Drone x3  
  81  5:37  Overlord, Extractor  
  81  5:38  Drone  
  81  5:43  Overlord  
  81  5:44  Overlord  
  81  5:47  Drone x5  
  81  5:48  Extractor  
  81  5:49  Overlord  
  85  5:50  Evolution Chamber  
  84  5:58  Drone x5  
  84  6:04  Overlord x2  
  84  6:11  Glial Reconstitution  
  84  6:12  Burrow  
  84  6:17  Overlord, Hydralisk Den  
  84  6:18  Roach  
  84  6:19  Roach x3  
  84  6:22  Hatchery, Zergling x4  
  84  6:25  Zerg Melee Weapons Level 1  
  91  6:27  Drone x2  
  91  6:28  Baneling Nest  
  92  6:33  Pneumatized Carapace  
  92  6:36  Overseer  
  92  6:42  Zergling x12  
  92  6:43  Overlord  
  92  6:45  Zergling x8  
  101  6:51  Hydralisk, Grooved Spines  
  103  6:57  Hydralisk  
  103  6:58  Hydralisk x3  
  111  7:02  Hydralisk x2  
  111  7:08  Overlord, Drone x2  
  117  7:11  Hydralisk x2  
  121  7:16  Drone x3  
  121  7:20  Drone x3  
  127  7:23  Overlord  
  127  7:26  Infestation Pit  
  126  7:30  Evolution Chamber  
  126  7:32  Drone x5  
  126  7:33  Drone  
  126  7:36  Centrifical Hooks  
  131  7:39  Drone x3  
  131  7:42  Overlord  
  134  7:47  Drone x3  
  134  7:49  Drone x2  
  138  8:03  Muscular Augments  
  138  8:04  Hydralisk x7  
  146  8:07  Zergling x8  
  146  8:11  Hive  
  146  8:12  Zerg Missile Weapons Level 1  
  147  8:14  Zergling x4  
  147  8:19  Overlord  
  148  8:22  Hydralisk x4  
  148  8:26  Extractor  
  148  8:27  Extractor  
  153  8:30  Zerg Melee Weapons Level 2, Spire  
  152  8:41  Overlord  
  152  8:42  Overlord, Zergling x2  
  152  8:43  Zergling x8  
  152  8:47  Zergling x8  
  161  8:51  Hatchery  
  160  8:55  Zergling x2  
  160  8:56  Zergling x16  
  169  9:07  Zergling x16  
  169  9:08  Overseer  
  169  9:09  Baneling x10  
  177  9:15  Baneling x8  
  177  9:19  Zergling x8  
  181  9:24  Baneling x16  
  181  9:31  Zergling x14  
  185  9:38  Adrenal Glands  
  180  9:46  Zergling x20  
  171  9:53  Greater Spire  
  171  9:55  Zergling x10  
  171  9:59  Baneling x15  
  175  10:04  Zergling x8  
  175  10:06  Baneling x11  
  179  10:11  Zergling x6  
  179  10:12  Zergling x4  
  180  10:16  Zergling x12  
  180  10:20  Zerg Missile Weapons Level 2  
  177  10:33  Zergling x20  
  183  10:44  Zergling x18  
  183  10:49  Corruptor x4  
  173  10:58  Zergling x8  
  174  11:09  Corruptor x3  
  180  11:11  Pathogen Glands  
  180  11:13  Drone x4  
  184  11:18  Zerg Melee Weapons Level 3  
  184  11:24  Extractor  
  171  11:28  Extractor  
  171  11:29  Brood Lord x4  
  171  11:31  Zergling x12  
  170  11:35  Zergling x8  
  170  11:38  Hydralisk  
  146  11:47  Zergling x20  
  139  11:55  Zergling x18  
  139  12:00  Hydralisk x3  
  153  12:11  Zergling x12  
  153  12:15  Infestor x5  
  160  12:25  Neural Parasite  
  160  12:27  Drone  
  160  12:28  Drone x3  
  164  12:30  Spore Crawler x2  
  162  12:41  Spore Crawler  
  162  12:43  Spore Crawler  
  162  12:44  Drone x2  
  161  12:45  Spore Crawler, Drone  
  161  12:49  Infestor x4  
  169  13:04  Brood Lord x3  
  175  13:06  Drone x4  
  175  13:08  Infestor x2  
  175  13:12  Spore Crawler x2  
  181  13:20  Corruptor  
  181  13:21  Corruptor x3  
  188  13:36  Overlord x2  
  178  13:57  Zergling x26  
  168  14:03  Zergling x2  
  168  14:04  Zergling x22  
Tags
 
Add a new tag
Caveats
  • Supply blocks, unpowered buildings, or Contaminate may cause inaccurate times.
  • Supply counts are checked every 10 seconds.